 Dungeon Crawl Stone Soup version 0.17.2-1-ge4368a0 (webtiles) character file.

140 Goblin1989 the Cudgeler (level 5, 0/38 HPs)
             Began as a Demonspawn Wanderer on Oct 31, 2016.
             Succumbed to a worker ant's poison
             ... on level 4 of the Dungeon.
             The game lasted 00:12:13 (4289 turns).

Goblin1989 the Cudgeler (Demonspawn Wanderer)       Turns: 4289, Time: 00:12:13

Health: 0/38       AC:  8    Str: 16    XL:     5   Next: 2%
Magic:  9/9        EV: 10    Int: 13    God:
Gold:   199        SH:  0    Dex: 10    Spells: 4 memorised, 2 levels left

rFire  + . .     SeeInvis .     a - +0 flail
rCold  . . .     Clarity  .     p - +0 ring mail
rNeg   . . .     SustAt   .     (no shield)
rPois  .         Gourm    .     e - +1 helmet
rElec  .         Spirit   .     (no cloak)
rCorr  .         Warding  .     (no gloves)
rMut   +         Stasis   .     (no boots)
MR     .....                    j - amulet of resist mutation
Stlth  ..........               (no ring)
                                f - ring of protection from fire

@: lethally poisoned (0 -> -15), not resistant to hostile enchantments,
extremely unstealthy
A: hooves 1, molten scales 1
a: no special abilities


You were on level 4 of the Dungeon.
You were not hungry.

You visited 1 branch of the dungeon, and saw 4 of its levels.

You collected 199 gold pieces.

Inventory:

Hand Weapons
 a - a +0 flail (weapon)
Armour
 e - a +1 helmet (worn)
 p - a +0 ring mail (worn)
Jewellery
 f - a ring of protection from fire (left hand)
 g - an uncursed amulet of resist corrosion
 j - an amulet of resist mutation (around neck)
Scrolls
 c - 2 scrolls of magic mapping {unknown}
 h - 11 scrolls of identify {unknown}
 i - a scroll of fog {unknown}
 k - a scroll of amnesia {unknown}
Books
 b - a book of Spatial Translocations

   Spells                             Type                      Level
   a - Apportation                    Translocation                1
   b - Blink                          Translocation                2
   c - Shroud of Golubria             Charms/Translocation         2
   d - Portal Projectile              Translocation                3
   e - Teleport Other                 Translocation                3
   f - Passage of Golubria            Translocation                4
Comestibles
 d - 2 bread rations {@e1}


   Skills:
 - Level 2.0 Fighting
 + Level 3.6 Maces & Flails
 - Level 0.1 Dodging
   Level 1.0 Shields
 - Level 3.0 Spellcasting
 - Level 2.0 Conjurations
   Level 3.0 Hexes
   Level 1.0 Evocations


You had 2 spell levels left.
You knew the following spells:

 Your Spells              Type           Power        Failure   Level  Hunger
a - Magic Dart            Conj           #...         21%         1    #......
g - Passage of Golubria   Tloc           N/A          100%        4    #####..
h - Shroud of Golubria    Chrm/Tloc      #.........   75%         2    ###....
o - Apportation           Tloc           #.........   50%         1    #......


Dungeon Overview and Level Annotations

Branches:
Dungeon (4/15)
 Temple: D:4-7

Altars:
Nemelex Xobeh


Innate Abilities, Weirdness & Mutations

You have large cloven feet.
You are partially covered in molten scales (AC +1).


Message History

The worker ant is moderately wounded.
You feel sick. The worker ant bites you.
* * * LOW HITPOINT WARNING * * *
You take 1 damage, and have 10/38 hp.
You hit the worker ant but do no damage.
The worker ant is moderately wounded.
You feel sick. The worker ant barely misses you. The worker ant bites you.
* * * LOW HITPOINT WARNING * * *
You take 3 damage, and have 7/38 hp.
You hit the worker ant.
The worker ant is heavily wounded.
* * * LOW HITPOINT WARNING * * *
You feel sick. The worker ant bites you.
* * * LOW HITPOINT WARNING * * *
You are more poisoned.
The worker ant poisons you!
You take 6 damage, and have 1/38 hp.
You thump the worker ant! Your kick misses the worker ant.
The worker ant is almost dead.
You die... █████

█.█@█ █.█a█
█
█.█g█.████
█g.g.....█
█..████...█
█..█ █.
█..█ █..█
█..████..


You could see a gnoll shaman, a worker ant and a gnoll.

Vanquished Creatures
  A worker ant (D:4)
  2 adders
  3 gnolls
  6 giant geckos
  An orc (D:3)
  6 bats
  4 giant cockroaches
  7 hobgoblins
  2 quokkas
  5 ball pythons
  4 giant newts
  7 goblins
  9 kobolds
  6 rats
63 creatures vanquished.

Notes
Turn   | Place    | Note
--------------------------------------------------------------
     0 | D:1      | Goblin1989 the Demonspawn Wanderer began the quest for the Orb.
     0 | D:1      | Goblin1989 set off with: a book of Minor Magic, the Reference Book on Transmutation, a potion of curing {@q1}, a +0 robe, a +0 club, a bread ration {@e1}
     0 | D:1      | Reached XP level 1. HP: 13/13 MP: 4/4
     0 | D:1      | Identified the Reference Book on Transmutation
     2 | D:1      | Learned a level 1 spell: Magic Dart
   158 | D:1      | Reached skill level 1 in Fighting
   481 | D:1      | Gained mutation: You have large cloven feet. [demonic ancestry]
   481 | D:1      | Reached XP level 2. HP: 15/22 MP: 6/6
  1017 | D:2      | Found a sparkling altar of Nemelex Xobeh.
  1092 | D:2      | Reached skill level 1 in Maces & Flails
  1508 | D:2      | Gained mutation: You are partially covered in molten scales (AC +1). [demonic ancestry]
  1508 | D:2      | Reached XP level 3. HP: 12/27 MP: 7/7
  2958 | D:3      | Reached XP level 4. HP: 33/33 MP: 8/8
  3811 | D:4      | Learned a level 1 spell: Apportation
  3816 | D:4      | Learned a level 4 spell: Passage of Golubria
  3819 | D:4      | Learned a level 2 spell: Shroud of Golubria
  4280 | D:4      | Reached XP level 5. HP: 32/38 MP: 9/9
  4288 | D:4      | HP: 1/38 [worker ant (5)]
  4289 | D:4      | Succumbed to a worker ant's poison

Action                   |  1- 3 |  4- 6 || total
-------------------------+-------+-------++-------
Melee: Club              |    48 |       ||    48
       Whip              |   252 |    49 ||   301
       Flail             |       |    62 ||    62
 Cast: Magic Dart        |    10 |       ||    10
  Use: Potion            |       |     4 ||     4
  Eat: Chunk             |     6 |     1 ||     7
       Fruit             |     1 |     1 ||     2
       Meat ration       |       |     1 ||     1

Vault maps used:
D:1:      lightli_arrival_statue_moat
D:2:      overflow_temple_1_default
D:4:      minmay_temple_entry_poolview, minmay_misc_feat_encased,
          kennysheep_small_spiral, st_stairs_13
